 Dungeon Crawl Stone Soup version 0.18.1-50-g88ac8fd (webtiles) character file.

218 Asagix the Poker (level 5, -5/47 HPs)
             Began as a Minotaur Berserker on Sept 30, 2016.
             Was a Believer of Trog.
             Slain by a gnoll
             ... wielding a +0 halberd
              (13 damage)
             ... on level 3 of the Dungeon.
             The game lasted 00:07:46 (1904 turns).

Asagix the Poker (Minotaur Berserker)               Turns: 1904, Time: 00:07:47

Health: -5/47      AC:  6    Str: 22    XL:     5   Next: 63%
Magic:  4/4        EV: 13    Int:  4    God:    Trog [**....]
Gold:   100        SH:  0    Dex: 10    Spells: 0 memorised, 4 levels left

rFire  . . .     SeeInvis +     i - +2 dagger (venom)
rCold  . . .     Gourm    .     b - +1 animal skin
rNeg   + . .     Faith    .     (no shield)
rPois  .         Spirit   .     (helmet restricted)
rElec  .         Dismiss  .     h - +2 cloak {+Inv}
rCorr  .         Reflect  .     (no gloves)
SustAt .         Harm     .     (no boots)
MR     .....                    (no amulet)
Stlth  +.........               e - ring of positive energy
                                m - ring of see invisible

@: exhausted, slowed, very slow, not resistant to hostile enchantments, very
unstealthy
A: retaliatory headbutt, horns 2
a: Berserk, Trog's Hand, Burn Spellbooks, Renounce Religion, Evoke Invisibility


You were on level 3 of the Dungeon.
You worshipped Trog.
Trog was pleased with you.
You were not hungry.

You visited 1 branch of the dungeon, and saw 3 of its levels.

You collected 100 gold pieces.

Inventory:

Hand Weapons
 a - a +0 spear
 i - a +2 dagger of venom (weapon)
Armour
 b - a +1 animal skin (worn)
 h - a +2 cloak of invisibility (worn)
Jewellery
 e - a ring of positive energy (right hand)
 m - a ring of see invisible (left hand)
Scrolls
 d - a scroll of magic mapping
 f - a scroll of identify
 n - a scroll of fear {unknown}
Potions
 g - a potion of curing {unknown}
 l - a potion of lignification {unknown}
Comestibles
 c - 2 bread rations
 j - a meat ration


   Skills:
 + Level 4.8 Fighting
 + Level 0.4 Short Blades
 + Level 4.9 Polearms
 + Level 2.8 Armour
 + Level 4.4 Dodging
 + Level 0.6 Stealth


You had 4 spell levels left.
You didn't know any spells.

Dungeon Overview and Level Annotations

Branches:
Dungeon (3/15)

Altars:
Qazlal


Innate Abilities, Weirdness & Mutations

You reflexively headbutt those who attack you in melee.
You have a pair of horns on your head.


Message History

You puncture Terence! You headbutt Terence!
Terence is almost dead.
You hit Terence.
You kill Terence!
Trog accepts your kill. The gnoll barely misses you.
The gnoll closely misses you.
You feel a strong urge to attack something.
You are no longer berserk.
You are exhausted.
You feel yourself slow down.
The gnoll shouts!
You're too exhausted to go berserk.
You completely miss the gnoll. The gnoll closely misses you.
The gnoll hits you but does no damage. The gnoll barely misses you.
The gnoll misses you. You furiously retaliate!
You headbutt the gnoll! The gnoll barely misses you.
You hit the gnoll.
The gnoll is poisoned.
The gnoll is almost dead.
The gnoll hits you from afar with a halberd!
You die...

#......#########.........#
#......#............<....#
########.................#
#.........#######...
#.........# .. #.........#
. #######.### #.# #@# #g##
#gg# ##g# .g. ...≈≈
...≈≈≈≈ ...≈≈≈≈ .......


You could see 5 gnolls.

Vanquished Creatures
  The ghost of Nordron the Changer, an amateur NaTm (D:3)
  An orc priest (D:3)
  Terence (D:3)
  A gnoll (D:3)
  2 adders (D:3)
  3 worms
  A giant gecko (D:2)
  2 orcs (D:3)
  5 bats
  2 giant cockroaches (D:3)
  4 goblins
  2 hobgoblins (D:2)
  8 jackals (D:3)
  4 kobolds
  A ball python (D:2)
  2 giant newts (D:2)
  A quokka skeleton (D:3)
  4 rats
45 creatures vanquished.

Notes
Turn   | Place    | Note
--------------------------------------------------------------
     0 | D:1      | Asagix the Minotaur Berserker began the quest for the Orb.
     0 | D:1      | Reached XP level 1. HP: 19/19 MP: 0/0
   714 | D:2      | Reached XP level 2. HP: 25/27 MP: 1/1
  1114 | D:2      | Found a stormy altar of Qazlal.
  1165 | D:3      | Reached XP level 3. HP: 26/33 MP: 2/2
  1255 | D:3      | Noticed Nordron's ghost (amateur NaTm)
  1270 | D:3      | HP: 2/49 [Nordron's ghost (1)]
  1271 | D:3      | Killed Nordron's ghost
  1271 | D:3      | Reached XP level 4. HP: 2/41 MP: 3/3
  1271 | D:3      | Reached XP level 5. HP: 3/47 MP: 4/4
  1877 | D:3      | Noticed Terence
  1885 | D:3      | Reached ** piety under Trog
  1900 | D:3      | Killed Terence
  1904 | D:3      | Slain by a gnoll

Skill      XL: |  1  2  3 |
---------------+----------+-----
Polearms       | 4 |  4.9
Fighting       | 4 |  4.8
Dodging        | 4 |  4.4
Short Blades   | |  0.4
Armour         | |  2.8
Stealth        | |  0.6

Action                   |  1- 3 |  4- 6 || total
-------------------------+-------+-------++-------
Melee: Spear             |     7 |       ||     7
       Headbutt          |    10 |     8 ||    18
       Dagger            |    45 |    29 ||    74
Invok: Berserk           |     1 |     1 ||     2
  Use: Scroll            |     5 |     1 ||     6
  Eat: Meat ration       |     1 |       ||     1
Armor: Animal skin       |    14 |     2 ||    16
Dodge: Dodged            |    27 |    22 ||    49
